 Dungeon Crawl Stone Soup version 0.31-a0-963-ga325b2283a (webtiles) character file.

Game seed: 16121581564643562683

2101 lessens the Ducker (level 9, -10/103 HPs)
             Began as a Gnoll Gladiator on Oct 25, 2023.
             Was a Priest of Zin.
             Mangled by an ogre
             ... wielding a +0 giant spiked club
              (15 damage)
             ... on level 6 of the Dungeon.
             The game lasted 00:09:19 (5848 turns).

lessens the Ducker (Gnoll Gladiator)                Turns: 5848, Time: 00:09:19

Health: -10/103    AC: 24    Str: 17    XL:     9   Next: 28%
Magic:  15/15      EV:  2    Int:  7    God:    Zin [***...]
Gold:   41         SH:  0    Dex: 15    Spells: 16/16 levels left

rFire   . . .        a - +0 war axe
rCold   . . .        (no shield)
rNeg    . . .        J - melded +1 scale mail {rF+}
rPois   +            l - melded +1 helmet
rElec   .            h - melded +2 cloak
rCorr   .            M - melded +2 pair of gloves
SInv    .            k - melded +1 pair of boots
Will    .....        i - amulet of reflection
Stlth   +            C - ring of poison resistance
HPRegen 0.37/turn    (no ring)
MPRegen 0.14/turn

%: reflection
@: confused, tree-form, ambrosia-drunk
A: stationary, stasis, torment immunity, boosted hp, (fangs 1), strong nose,
distributed training
a: Renounce Religion, Recite, Vitalisation, Imprison, Donate Gold


You were on level 6 of the Dungeon.
You worshipped Zin.
Zin was most pleased with you.
You were a tree.
You visited 1 branch of the dungeon, and saw 6 of its levels.

You collected 223 gold pieces.
You spent 160 gold pieces at shops.
You donated 22 gold pieces to Zin.

Inventory:

Hand Weapons
 a - a +0 war axe (weapon)
Missiles
 c - 21 stones
 d - 3 throwing nets (quivered)
 e - a javelin
 z - 2 curare-tipped darts
 B - 4 boomerangs
 G - 6 poisoned darts
Armour
 h - a +2 cloak (melded)
 k - a +1 pair of boots (melded)
 l - a +1 helmet (melded)
 J - a +1 scale mail of fire resistance (melded)
 M - a +2 pair of gloves (melded)
Jewellery
 i - an amulet of reflection (around neck)
 j - an amulet of faith
 C - a ring of poison resistance (left branch)
Wands
 A - a wand of paralysis (4)
Scrolls
 b - a scroll of enchant armour
 f - a scroll of fear {unknown}
 g - a scroll of torment {unknown}
 n - a scroll of acquirement {unknown}
 o - a scroll of noise {unknown}
 p - a scroll of teleportation
 r - 2 scrolls of silence
 v - 2 scrolls of identify {unknown}
 x - a scroll of fog {unknown}
 y - a scroll of immolation {unknown}
 K - a scroll of enchant weapon {unknown}
 L - a scroll of amnesia {unknown}
Potions
 m - a potion of mutation {unknown}
 q - a potion of lignification
 s - a potion of brilliance {unknown}
 u - a potion of might {unknown}
 D - a potion of cancellation {unknown}
 E - a potion of heal wounds {unknown}
 F - a potion of enlightenment {unknown}
 H - a potion of curing {unknown}
 I - a potion of magic {unknown}


   Skills:
 + Level 6.2 Fighting
 + Level 4.1 Short Blades
 + Level 4.1 Long Blades
 + Level 7.8 Axes
 + Level 4.1 Maces & Flails
 + Level 4.1 Polearms
 + Level 4.1 Staves
 + Level 4.1 Ranged Weapons
 + Level 6.2 Throwing
 + Level 4.1 Armour
 + Level 7.8 Dodging
 + Level 4.1 Stealth
 + Level 4.1 Shields
 + Level 4.1 Unarmed Combat
 + Level 4.1 Spellcasting
 + Level 3.4 Conjurations
 + Level 3.4 Hexes
 + Level 3.4 Summonings
 + Level 3.4 Necromancy
 + Level 3.4 Translocations
 + Level 3.4 Transmutations
 + Level 3.4 Fire Magic
 + Level 3.4 Ice Magic
 + Level 3.4 Air Magic
 + Level 3.4 Earth Magic
 + Level 3.4 Poison Magic
 + Level 4.6 Invocations
 + Level 4.1 Evocations
 + Level 3.8 Shapeshifting


You had 16 spell levels left.
You didn't know any spells.
Your spell library contained the following spells:

 Spells                   Type           Power      Damage    Failure   Level
 Kiss of Death            Conj/Necr      24%        2d7       8%          1
 Summon Small Mammal      Summ           24%        N/A       8%          1
 Blink                    Tloc           12%        N/A       12%         2
 Call Canine Familiar     Summ           6%         N/A       22%         3
 Confusing Touch          Hex            6%         N/A       22%         3
 Summon Guardian Golem    Hex/Summ       6%         N/A       22%         3
 Dispel Undead            Necr           6%         3d8       58%         4
 Manifold Assault         Tloc           6%         N/A       58%         4


Dungeon Overview and Level Annotations

Branches:
Dungeon (6/15) Zot: 26514
 Temple: D:4-7

Altars:
Zin
The Shining One

Shops:
D:3 [

Annotations:
D:6 Jeremiah


Innate Abilities, Weirdness & Mutations

You are a tree.
Your roots penetrate the ground, keeping you stationary.
You cannot be teleported.
You are immune to unholy pain and torment.
Your maximum health is greatly increased.
Your equipment is partially melded.
((You have very sharp teeth.))
Your uncanny sense of smell can sniff out nearby items.
Your experience applies equally to all skills.


Message History

Your life force feels restored.
Unknown command.
The ogre attacks as it pursues you! The ogre misses you.
Non-targeted confused throw: 7 darts (poison)
Press: ? - help, Q - select action, (/) - cycle Dir - look around, f - activate You throw a poisoned dart.
Non-targeted confused throw: 3 throwing nets
Press: ? - help, Q - select action, (/) - cycle Dir - look around, f - activate Look: an ogre, wielding a +0 giant spiked club
Okay, then.
It was a potion of lignification.
You turn into a tree.
Your +2 cloak melds into your body.
Your +1 helmet melds into your body.
Your +2 pair of gloves melds into your body.
Your +1 pair of boots melds into your body.
Your +1 scale mail of fire resistance melds into your body.
You feel less resistant to fire.
Your roots penetrate the ground.
Zin forgives your inadvertent chaotic act, just this once.
The ogre hits you with a +0 giant spiked club.
It was a potion of ambrosia.
You are more confused.
You feel invigorated. The ogre hits you but does no damage.
You feel less invigorated.
The ogre hits you with a +0 giant spiked club!
The ogre hits you with a +0 giant spiked club!!
* * * LOW HITPOINT WARNING * * *
You cannot move. (Use ctrl+direction or * direction to attack while stationary and confused.)
You cannot move. (Use ctrl+direction or * direction to attack while stationary and confused.)
You slash the ogre!
The ogre is moderately wounded.
You attack the stone wall.
You feel less confused. The ogre hits you but does no damage.
You hit the ogre but do no damage.
The ogre is moderately wounded.
The ogre hits you with a +0 giant spiked club!
* * * LOW HITPOINT WARNING * * *
You are confused.
You feel invigorated.
The ogre hits you with a +0 giant spiked club!
You die...

####.##....~~≈~~
#.##..).~≈≈≈≈
#.##..[.~≈#####
#.##....~≈# ..#
####.##....~≈# ..#####
.....##...P~≈# #'#...#
#.#####....~≈~.#oo.#
#.# #....~≈~.#O# #.#
#....~≈~.#♣##### #.#
#....~~~.#..)..#
#.#####....~~~.#.....#
#.....#....~~~.#.##++#
####### #.# #(# #+# ∆


You could see an ogre, an orc wizard and an orc.

Vanquished Creatures
  Grinder (D:5)
  Sigmund (D:4)
  Eustachio (D:4)
  Edmund (D:4)
  A black bear (D:4)
  An ice beast (D:5)
  An ogre (D:6)
  A phantom (D:5)
  A centaur (D:5)
  2 gnoll sergeants
  4 scorpions
  2 howler monkeys (D:5)
  A hound (D:6)
  2 jellies
  A gnoll bouda (D:5)
  2 orc priests
  2 iguanas (D:5)
  An orc wizard (D:4)
  Robin (D:3)
  7 gnolls
  8 adders
  3 shadow imps (D:5)
  3 white imps (D:5)
  6 ufetubi (D:5)
  4 worms
  3 dart slugs
  15 orcs
  3 bats
  3 endoplasms
  2 giant cockroaches (D:4)
  15 goblins
  3 hobgoblins
  12 jackals
  6 kobolds (D:4)
  4 quokkas
  3 ball pythons
  4 frilled lizards
  2 rats
133 creatures vanquished.

Notes
Turn   | Place    | Note
-------+----------+-------------------------------------------
     0 | D:1      | lessens the Gnoll Gladiator began the quest for the Orb.
     0 | D:1      | Reached XP level 1. HP: 20/20 MP: 1/1
   271 | D:1      | Reached XP level 2. HP: 26/26 MP: 2/2
   630 | D:1      | Found a faded altar of an unknown god.
   642 | D:1      | Prayed at the altar of an unknown god.
   642 | D:1      | Became a worshipper of Zin the Law-Giver
   642 | D:1      | Reached * piety under Zin
   805 | D:2      | Reached XP level 3. HP: 26/31 MP: 3/3
   846 | D:2      | Reached skill level 1 in Invocations
  1071 | D:2      | Reached skill level 1 in Short Blades
  1071 | D:2      | Reached skill level 1 in Long Blades
  1071 | D:2      | Reached skill level 1 in Maces & Flails
  1071 | D:2      | Reached skill level 1 in Polearms
  1071 | D:2      | Reached skill level 1 in Staves
  1071 | D:2      | Reached skill level 1 in Ranged Weapons
  1071 | D:2      | Reached skill level 1 in Armour
  1071 | D:2      | Reached skill level 1 in Stealth
  1071 | D:2      | Reached skill level 1 in Shields
  1071 | D:2      | Reached skill level 1 in Unarmed Combat
  1071 | D:2      | Reached skill level 1 in Spellcasting
  1071 | D:2      | Reached skill level 1 in Evocations
  1088 | D:2      | Reached XP level 4. HP: 38/38 MP: 5/5
  1306 | D:2      | Reached skill level 1 in Shapeshifting
  1826 | D:3      | Noticed Robin
  1853 | D:3      | Reached skill level 1 in Conjurations
  1853 | D:3      | Reached skill level 1 in Hexes
  1853 | D:3      | Reached skill level 1 in Summonings
  1853 | D:3      | Reached skill level 1 in Necromancy
  1853 | D:3      | Reached skill level 1 in Translocations
  1853 | D:3      | Reached skill level 1 in Transmutations
  1853 | D:3      | Reached skill level 1 in Fire Magic
  1853 | D:3      | Reached skill level 1 in Ice Magic
  1853 | D:3      | Reached skill level 1 in Air Magic
  1853 | D:3      | Reached skill level 1 in Earth Magic
  1853 | D:3      | Reached skill level 1 in Poison Magic
  1859 | D:3      | Killed Robin
  1973 | D:3      | Reached XP level 5. HP: 40/43 MP: 5/7
  2140 | D:3      | Reached ** piety under Zin
  2154 | D:3      | Found Ogoet's Armour Boutique.
  2633 | D:4      | Noticed Sigmund
  2638 | D:4      | Noticed a black bear
  2656 | D:4      | Killed a black bear
  2657 | D:4      | Reached XP level 6. HP: 29/50 MP: 8/8
  2666 | D:4      | Killed Sigmund
  2667 | D:4      | Reached skill level 5 in Fighting
  2667 | D:4      | Reached skill level 5 in Throwing
  2758 | D:4      | Noticed Eustachio
  2799 | D:4      | Reached XP level 7. HP: 51/56 MP: 10/10
  2800 | D:4      | Killed Eustachio
  2947 | D:4      | Reached *** piety under Zin
  2969 | D:4      | Identified the +0 ring mail of the Wilderness {*Slow rN+++
                  | Str-2 SInv}
  3568 | D:3      | Bought a +1 scale mail of fire resistance for 160 gold
                  | pieces
  3630 | D:5      | Entered Level 5 of the Dungeon
  3630 | D:5      | Noticed Edmund
  3659 | D:4      | Killed Edmund
  3800 | D:5      | Reached XP level 8. HP: 50/63 MP: 12/12
  5107 | D:5      | Noticed Grinder
  5116 | D:5      | Paralysed by Grinder for 5 turns
  5132 | D:5      | Paralysed by Grinder for 3 turns
  5139 | D:5      | Paralysed by Grinder for 4 turns
  5145 | D:5      | Paralysed by Grinder for 3 turns
  5155 | D:5      | Killed Grinder
  5156 | D:5      | Reached XP level 9. HP: 35/69 MP: 13/15
  5367 | D:6      | Found a glowing golden altar of the Shining One.
  5766 | D:6      | Noticed Jeremiah
  5847 | D:6      | HP: 2/103 [ogre/+0 giant spiked club (17)]
  5848 | D:6      | Mangled by an ogre

Illustrated notes

Levels and vault maps discovered:
D:1:      wander_arrival_lonely_grave, layout_loops_ring, basic_ecumenical_altar
D:2:      layout_loops_ring, serial_aquarium, aquarium_bridge_square
          [aquarium_subvault_wall, aquarium_subvault_bridge,
          aquarium_subvault_wall, aquarium_subvault_wall],
          aquarium_bridge_long_joined [aquarium_subvault_bridge,
          aquarium_subvault_bridge, aquarium_subvault_wall,
          aquarium_subvault_balcony, aquarium_subvault_window,
          aquarium_subvault_balcony], aquarium_window_double, aquarium_window_2,
          aquarium_window_2, aquarium_window_1, aquarium_view_4,
          aquarium_balcony_double_1, due_unseen_surprise
D:3:      layout_loops_ring, serial_shops, shop, uniq_robin
D:4:      minmay_spotlight, layout_basic, dk_vineyard_2,
          nicolae_concentric_dashed_squares_wild, minmay_ruptured, uniq_sigmund,
          uniq_eustachio
D:5:      layout_basic, serial_demonic, serial_demonic_c, serial_demonic_b,
          serial_demonic_f, serial_demonic_e, serial_demonic_a,
          serial_demonic_b, serial_demonic_g, serial_demonic_c,
          serial_demonic_d, serial_demonic_e, kennysheep_decorative_pillar,
          st_stairs_8, kennysheep_generic_room_11, uniq_edmund, uniq_grinder
D:6:      lemuel_castle_with_subvaults [lemuel_castle_interior_carwin_3],
          layout_loops_ring, overflow_temple_1_default, uniq_jeremiah

Skill      XL: |  1  2  3  4  5  6  7  8 |
---------------+-------------------------+-----
Invocations    | 1 2 3 4 |  4.6
Short Blades   | 1 2 4 |  4.1
Long Blades    | 1 2 4 |  4.1
Maces & Flails | 1 2 4 |  4.1
Polearms       | 1 2 4 |  4.1
Staves         | 1 2 4 |  4.1
Ranged Weapons | 1 2 4 |  4.1
Armour         | 1 2 4 |  4.1
Stealth        | 1 2 4 |  4.1
Shields        | 1 2 4 |  4.1
Unarmed Combat | 1 2 4 |  4.1
Spellcasting   | 1 2 4 |  4.1
Evocations     | 1 2 4 |  4.1
Shapeshifting  | 1 2 3 |  3.8
Conjurations   | 1 2 3 |  3.4
Hexes          | 1 2 3 |  3.4
Summonings     | 1 2 3 |  3.4
Necromancy     | 1 2 3 |  3.4
Translocations | 1 2 3 |  3.4
Transmutations | 1 2 3 |  3.4
Fire Magic     | 1 2 3 |  3.4
Ice Magic      | 1 2 3 |  3.4
Air Magic      | 1 2 3 |  3.4
Earth Magic    | 1 2 3 |  3.4
Poison Magic   | 1 2 3 |  3.4
Fighting       | 5 6 |  6.2
Throwing       | 5 6 |  6.2
Axes           | 7 |  7.8
Dodging        | 7 |  7.8

Action                     |  1- 3 |  4- 6 |  7- 9 || total
---------------------------+-------+-------+-------++-------
  Melee: War axe           |    72 |   143 |   261 ||   476
         Bite              |     4 |    16 |    37 ||    57
         Punch             |       |     5 |    11 ||    16
  Throw: Throwing net      |       |     6 |     4 ||    10
         Dart              |       |       |     5 ||     5
    Use: Scroll            |       |     1 |     2 ||     3
         Potion            |       |       |     3 ||     3
   Stab: Held in net/web   |       |       |     2 ||     2
 Armour: Leather armour    |     8 |       |       ||     8
         Scale mail        |    20 |   127 |   186 ||   333
         Skin              |       |       |     7 ||     7
  Dodge: Dodged            |    50 |    87 |   181 ||   318
  Block: Other             |    15 |    43 |    76 ||   134
         Reflection        |       |       |     2 ||     2

Table legend: (Time is in decaauts)
 A = Elapsed time spent in this place.
 B = Non-inter-level travel time spent in this place.
 C = Inter-level travel time spent in this place.
 D = Time resting spent in this place.
 E = Time spent auto-exploring this place.
 F = Levels seen in this place.
 G = Mean time per level.
                   A        B        C        D        E       F      G
               +--------+--------+--------+--------+--------+-----+--------+
         Total |   5915 |   5662 |    253 |    388 |   4066 |   6 |  985.8 |
       Dungeon |   5915 |   5662 |    253 |    388 |   4066 |   6 |  985.8 |
               +--------+--------+--------+--------+--------+-----+--------+

Top non-repeatable levels by time:
     D:5: 1391 daAuts
     D:4: 1340 daAuts
     D:2: 957 daAuts
     D:3: 938 daAuts
     D:1: 803 daAuts
     D:6: 484 daAuts

Levels and vault maps discovered:
D:1:      wander_arrival_lonely_grave, layout_loops_ring, basic_ecumenical_altar
D:2:      layout_loops_ring, serial_aquarium, aquarium_bridge_square
          [aquarium_subvault_wall, aquarium_subvault_bridge,
          aquarium_subvault_wall, aquarium_subvault_wall],
          aquarium_bridge_long_joined [aquarium_subvault_bridge,
          aquarium_subvault_bridge, aquarium_subvault_wall,
          aquarium_subvault_balcony, aquarium_subvault_window,
          aquarium_subvault_balcony], aquarium_window_double, aquarium_window_2,
          aquarium_window_2, aquarium_window_1, aquarium_view_4,
          aquarium_balcony_double_1, due_unseen_surprise
D:3:      layout_loops_ring, serial_shops, shop, uniq_robin
D:4:      minmay_spotlight, layout_basic, dk_vineyard_2,
          nicolae_concentric_dashed_squares_wild, minmay_ruptured, uniq_sigmund,
          uniq_eustachio
D:5:      layout_basic, serial_demonic, serial_demonic_c, serial_demonic_b,
          serial_demonic_f, serial_demonic_e, serial_demonic_a,
          serial_demonic_b, serial_demonic_g, serial_demonic_c,
          serial_demonic_d, serial_demonic_e, kennysheep_decorative_pillar,
          st_stairs_8, kennysheep_generic_room_11, uniq_edmund, uniq_grinder
D:6:      lemuel_castle_with_subvaults [lemuel_castle_interior_carwin_3],
          layout_loops_ring, overflow_temple_1_default, uniq_jeremiah
